 Dungeon Crawl Stone Soup version 0.31-a0-232-gb1c03b2570 (webtiles) character file.

Game seed: 493310181843463964

95 qw the Shooter (level 4, 0/26 HPs)
             Began as a Gargoyle Hexslinger on July 7, 2023.
             Slain by Terence
             ... wielding a +3 hand axe of flaming
              (2 damage)
             ... on level 2 of the Dungeon.
             The game lasted 00:00:36 (1327 turns).

qw the Shooter (Gargoyle Hexslinger)                Turns: 1327, Time: 00:00:37

Health: 0/26       AC:  9    Str: 12    XL:     4   Next: 65%
Magic:  5/5        EV: 10    Int: 13    God:
Gold:   112        SH:  0    Dex: 14    Spells: 4/5 levels left

rFire   . . .        Y - +2 sling
rCold   . . .        (no shield)
rNeg    + . .        f - +0 ring mail
rPois   inf          g - +0 helmet
rElec   +            (no cloak)
rCorr   .            (no gloves)
SInv    .            (no boots)
Will    .....        (no amulet)
Stlth   +            (no ring)
HPRegen 0.24/turn    (no ring)
MPRegen 0.09/turn

%: no passive effects
@: no status effects
A: sickness immunity, AC +3, negative energy resistance 1, electricity
resistance, torment resistance 1, petrification resistance
a: no special abilities


You were on level 2 of the Dungeon.
You visited 1 branch of the dungeon, and saw 2 of its levels.

You collected 112 gold pieces.


Innate Abilities, Weirdness & Mutations

You are immune to sickness and miasma.
Your stone body is resilient. (AC +3)
You are immune to poison.
You resist negative energy. (rN+)
You are resistant to electric shocks. (rElec)
You are resistant to unholy torment.
You are immune to petrification.


   Skills:
 - Level 2.0 Fighting
 + Level 4.2 Ranged Weapons
 - Level 1.0 Armour
 - Level 1.5 Dodging
 - Level 1.0 Spellcasting
 - Level 2.6 Hexes


You had 4 spell levels left.
You knew the following spells:

 Your Spells              Type           Power      Damage    Failure   Level
a - Slow                  Hex            28%        N/A       22%         1

Your spell library contained the following spells:

 Spells                   Type           Power      Damage    Failure   Level
 Inner Flame              Hex/Fire       4%         N/A       73%         3
 Portal Projectile        Hex/Tloc       8%         N/A       73%         3
 Cause Fear               Hex            3%         N/A       91%         4

Inventory:

Hand Weapons
 Y - a +2 sling (weapon)
Armour
 f - a +0 ring mail (worn)
 g - a +0 helmet (worn)
Scrolls
 a - a scroll of enchant armour {unknown}
 e - a scroll of teleportation {unknown}
Potions
 b - a potion of heal wounds {unknown}
 c - a potion of curing {unknown}
 d - a potion of magic {unknown}

Dungeon Overview and Level Annotations

Branches:
Dungeon (2/15)

Altars:

Annotations:
D:2 Terence


Message History

The sling bullet hits Terence but does no damage.
Terence is lightly wounded.
Terence hits you with a +3 hand axe of flaming.
Terence burns you.
You shoot a sling bullet. The sling bullet barely misses Terence.
Terence hits you but does no damage. x2
You shoot a sling bullet. The sling bullet hits Terence.
Terence is moderately wounded.
Terence hits you with a +3 hand axe of flaming.
Terence burns you.
You shoot a sling bullet. The sling bullet barely misses Terence.
Terence hits you but does no damage.
You shoot a sling bullet.
The sling bullet hits Terence but does no damage.
Terence is moderately wounded.
Terence hits you with a +3 hand axe of flaming.
Terence burns you.
You shoot a sling bullet. The sling bullet hits Terence.
Terence is heavily wounded.
Terence barely misses you. x2
You shoot a sling bullet.
The sling bullet hits Terence but does no damage.
Terence is heavily wounded.
Terence hits you but does no damage.
You shoot a sling bullet.
The sling bullet hits Terence but does no damage.
Terence is heavily wounded.
Terence hits you with a +3 hand axe of flaming!
Terence burns you.
You shoot a sling bullet. The sling bullet hits Terence.
Terence is severely wounded.
Terence hits you with a +3 hand axe of flaming.
Terence burns you.
Terence bares his teeth.
Terence barely misses you.
You shoot a sling bullet. The sling bullet hits Terence.
Terence is almost dead.
Terence hits you with a +3 hand axe of flaming.
Terence burns you.
You die...

#...#.# # # #...
###.....# .....
#.#. ##....####
#.... . ..#.
......# .... ..
...% ....#.# ...
.. .... ...##.#
.. .##. .#..
...##.# .###.....
...# ..###.#
##@....... .##.
..# #.# #.@# #.
..###.#### ##.##
#. ..%......#
###..# ##
.........###<..##
.
.............###
.........#####
##########


You could see Terence.

Vanquished Creatures
  6 adders
  2 worms (D:2)
  A dart slug (D:1)
  2 endoplasms
  3 giant cockroaches (D:1)
  3 goblins
  A hobgoblin (D:2)
  2 quokkas
  3 ball pythons
  4 bats
  A frilled lizard (D:1)
  5 kobolds (D:1)
  3 rats (D:1)
  A spectral hobgoblin (D:1)
37 creatures vanquished.

Notes
Turn   | Place    | Note
-------+----------+-------------------------------------------
     0 | D:1      | qw the Gargoyle Hexslinger began the quest for the Orb.
     0 | D:1      | Reached XP level 1. HP: 12/12 MP: 2/2
     0 | D:1      | 0 ||| qw: Version: 0.3-a-46-gb1f654a
     0 | D:1      | 0 ||| qw: Game counter: 2442
     0 | D:1      | 0 ||| qw: Melee chars always use a shield: true
     0 | D:1      | 0 ||| qw: God list: Okawaru
     0 | D:1      | 0 ||| qw: Allow faded altars: false
     0 | D:1      | 0 ||| qw: Do Orc after clearing Dungeon:15 true
     0 | D:1      | 0 ||| qw: Do second Lair branch before Depths: true
     0 | D:1      | 0 ||| qw: Lair rune preference: random
     0 | D:1      | 0 ||| qw: Goals: Normal
     0 | D:1      | 0 ||| PLANNING D:1-11
    39 | D:1      | 39 ||| DROPPING scroll of poison.
   161 | D:1      | Reached XP level 2. HP: 16/16 MP: 3/3
   377 | D:1      | Reached skill level 3 in Ranged Weapons
   406 | D:1      | Found a faded altar of an unknown god.
   938 | D:1      | Reached XP level 3. HP: 21/21 MP: 4/4
   943 | D:1      | 943 ||| UPGRADING to +0 ring mail.
   953 | D:1      | 953 ||| DROPPING +0 robe.
   954 | D:1      | 954 ||| UPGRADING to +0 helmet.
   959 | D:1      | 959 ||| READING scroll labelled HES RYX YLU.
   960 | D:1      | 960 ||| READING scroll labelled CAAFEE COAFUW.
   978 | D:2      | 978 ||| STAIRDANCE
   981 | D:1      | Reached skill level 1 in Armour
  1083 | D:2      | Reached XP level 4. HP: 26/26 MP: 5/5
  1246 | D:2      | Reached skill level 4 in Ranged Weapons
  1313 | D:2      | Noticed Terence
  1327 | D:2      | HP: 2/26 [Terence/+3 hand axe of flaming (5)]
  1327 | D:2      | Slain by Terence

Levels and vault maps discovered:
D:1:      dpeg_arrival_chambers_temple_mockup, layout_basic,
          dreamdust_ecumenical_altar_drowned_temple, hangedman_glass_teeth
D:2:      layout_rooms, uniq_terence

Skill      XL: |  1  2  3  4 |
---------------+-------------+-----
Ranged Weapons | 3 4 |  4.2
Fighting       | 2 |  2.0
Armour         | 1 |  1.0
Dodging        | |  1.5
Spellcasting   | |  1.0
Hexes          | |  2.6

Action                     |  1- 3 |  4- 6 || total
---------------------------+-------+-------++-------
   Fire: Sling             |    98 |    70 ||   168
    Use: Scroll            |     2 |       ||     2
 Armour: Robe              |    10 |       ||    10
         Ring mail         |    29 |    23 ||    52
  Dodge: Dodged            |    41 |    26 ||    67

Table legend:
 A = Non-vault XP
 B = Vault XP
 C = Vault XP percentage of total XP
 D = Non-vault monster count
 E = Vault monster count
 F = Vault count percentage of total count
                 A         B        C        D         E       F
            +---------+---------+-------+---------+---------+-------
      Total |     135 |       1 |   0.7 |      36 |       1 |   2.7
            +---------+---------+-------+---------+---------+-------
        D:1 |      61 |       1 |   1.6 |      24 |       1 |   4.0
        D:2 |      74 |       0 |   0.0 |      12 |       0 |   0.0
            +---------+---------+-------+---------+---------+-------
